 Dungeon Crawl Stone Soup version 0.21-a0-150-gc243083 (webtiles) character file.

192060 pkoi the Black Belt (level 18, -2/149 HPs)
             Began as a White Draconian Monk on July 11, 2017.
             Was the Champion of Hepliaklqana.
             Slain by an entropy weaver (13 damage)
             ... on level 4 of the Spider Nest on July 28, 2017.
             The game lasted 02:54:41 (41523 turns).

pkoi the Black Belt (White Draconian Monk)         Turns: 41523, Time: 02:54:43

Health: -2/149     AC: -2    Str: 21 (22) XL:     18   Next: 3%
Magic:  8/27       EV: 22    Int: 14 (16) God:    Hepliaklqana [******]
Gold:   3243       SH:  0    Dex: 15      Spells: 8/29 levels left

rFire    + + .     SeeInvis .     - Unarmed
rCold    + + .     Gourm    +   (no shield)
rNeg     + . .     Faith    .   (armour unavailable)
rPois    +         Spirit   .   W - +1 hat
rElec    .         Reflect  .   L - scarf {rC+ rF+}
rCorr    .         Harm     .   l - +0 pair of gloves
MR       +....                  n - +1 pair of boots
Stlth    +++.......             m - amulet of the gourmand
HPRegen  0.74/turn              N - ring of poison resistance
MPRegen  0.20/turn              C - ring "Qalun" {rN+ Str+7 Stlth+}

@: corroded
A: breathe frost, unfitting armour, reduced essence, antennae 1, hooves 1, cold
resistance 1, fire resistance 1, regeneration 1, cold-blooded, AC +10
a: Breathe Frost, Recall Ancestor, Ancestor Identity, Transference, Idealise,
Renounce Religion


You were on level 4 of the Spider Nest.
You worshipped Hepliaklqana.
Hepliaklqana was exalted by your worship.
You were very full.

You visited 7 branches of the dungeon, and saw 34 of its levels.
You visited the Abyss 1 time.
You also visited: Sewer.

You collected 3718 gold pieces.
You spent 475 gold pieces at shops.

Inventory:

Missiles
 e - 2 javelins (quivered)
Armour
 l - a +0 pair of gloves (worn)
 n - a +1 pair of boots (worn)
 u - a scarf of cloud immunity
 L - a scarf of resistance (worn)
 W - a +1 hat (worn)
Jewellery
 m - an amulet of the gourmand (around neck)
 C - the ring "Qalun" (right hand) {rN+ Str+7 Stlth+}
   (You found it on level 7 of the Dungeon)

   [ring of positive energy]

   It affects your strength (+7).
   It protects you from negative energy.
   It makes you more stealthy.
 J - an uncursed ring of fire
 N - a ring of poison resistance (left hand)
 V - an uncursed ring of flight
Wands
 i - a wand of digging (8/24)
 w - a wand of disintegration (7/24)
 D - a wand of iceblast (9/15)
 H - a wand of digging (11/24)
 T - a wand of polymorph (7/24)
Scrolls
 c - 4 scrolls of identify
 j - 6 scrolls of amnesia
 k - 3 scrolls of recharging
 q - 9 scrolls of teleportation
 r - 5 scrolls of magic mapping
 v - 10 scrolls of remove curse
 x - 3 scrolls of fear
 y - 5 scrolls of enchant armour
 E - 3 scrolls of blinking
 F - 2 scrolls of enchant weapon
 G - a scroll of summoning
 I - 4 scrolls of fog
 P - 2 scrolls of brand weapon
Potions
 f - 7 potions of heal wounds
 h - 7 potions of haste
 o - 7 potions of might
 p - 19 potions of curing
 s - 5 potions of flight
 t - 4 potions of magic
 A - 3 potions of brilliance
 B - 2 potions of berserk rage
 K - a potion of ambrosia
 M - 4 potions of resistance
 O - a potion of cancellation
 Q - a potion of agility
Books
 R - a book of Transfigurations

   Spells                             Type                      Level
   a - Irradiate                      Conjuration/Transmutation    5
   b - Statue Form                    Transmutation/Earth          6
   c - Hydra Form                     Transmutation                6
   d - Dragon Form                    Transmutation                7
Miscellaneous
 g - a lightning rod (4/4)
Comestibles
 a - 18 bread rations
 b - 19 royal jellies
 d - 15 meat rations
 z - 29 fruits
 S - 2 chunks of flesh


   Skills:
 - Level 15.6 Fighting
 - Level 13.6 Dodging
 - Level 2.9 Stealth
 - Level 16.6 Unarmed Combat
 - Level 6.1 Spellcasting
 - Level 4.3 Hexes
 - Level 7.0 Charms
 - Level 6.5 Necromancy
 - Level 6.4 Translocations
 + Level 11.6 Transmutations
 - Level 6.6 Ice Magic
 - Level 6.6 Invocations


You had 8 spell levels left.
You knew the following spells:

 Your Spells              Type           Power        Failure   Level  Hunger
a - Confusing Touch       Hex            ###...       2%          1    None
b - Ozocubu's Armour      Chrm/Ice       ###.....     2%          3    ###....
c - Ice Form              Ice/Tmut       ####....     3%          4    ####...
d - Blade Hands           Tmut           #####.....   3%          5    ######.
e - Blink                 Tloc           N/A          1%          2    #......
f - Regeneration          Chrm/Necr      ###.......   2%          3    ###....
g - Lesser Beckoning      Tloc           ###.......   3%          3    ###....


Dungeon Overview and Level Annotations

Branches:
Dungeon (15/15)            Temple (1/1) D:5            Lair (6/6) D:11
  Swamp (4/4) Lair:2       Spider (4/4) Lair:3        Slime (0/5) Lair:6
    Orc (2/2) D:11            Elf (2/3) Orc:2        Vaults (0/5) D:13
 Depths (0/5) D:15

Altars:
Ashenzari
Cheibriados
Dithmenos
Elyvilon
Fedhas
Gozag
Hepliaklqana
Kikubaaqudgha
Makhleb
Nemelex Xobeh
Okawaru
Qazlal
Ru
Sif Muna
Trog
Uskayaw
Vehumet
Wu Jian
Xom
Yredelemnul
Zin
The Shining One
Jiyva

Shops:
D:11 [   D:14 *   Orc:2 }*=?*([([

Portals:
Trove: D:14 (give +3 shadow dragon scales)

Annotations:
Swamp:4 Lernaean hydra
Elf:2 3 runed doors


Innate Abilities, Weirdness & Mutations

You can breathe waves of freezing cold.
You can buffet flying creatures when you breathe cold.
Your icy white scales are hard. (AC +10)
You cannot fit into any form of body armour.
Your flesh is cold resistant. (rC+)
You are cold-blooded and may be slowed by cold attacks.
Your life essence is reduced to manifest your ancestor. (-10% HP)
You have a pair of small antennae on your head.
You have large cloven feet.
Your flesh is heat resistant. (rF+)
Your natural rate of healing is unusually fast.


Message History

The tarantella bites you!
* * * LOW HITPOINT WARNING * * *
You bump into the rock wall.
The tarantella bites you!
* * * LOW HITPOINT WARNING * * *
The tarantella misses you.
You found a web!
You feel less confused. The tarantella completely misses you.
The tarantella misses you. The tarantella barely misses you.
The entropy weaver hits you!
* * * LOW HITPOINT WARNING * * *
The entropy weaver misses you. The entropy weaver barely misses you.
The entropy weaver completely misses you.
The entropy weaver completely misses you.
The entropy weaver hits you!
* * * LOW HITPOINT WARNING * * *
The entropy weaver hits you.
* * * LOW HITPOINT WARNING * * *
The entropy weaver hits you!
You die...

....#...s.........###
..................#.#
........#....###...^#
.............#......#
#..#.....#...#.^#...##
.#...........s.......#
..................#.##
#.......^.....#as..[##
................@#...#
.†...............<#..#
..#....#...........###
..†<†........#^....#
....†#^.#......#####
.......^.....###
^^..........##
...<#!.#....#
......^....##


You could see an entropy weaver, an orb spider and a tarantella.

Vanquished Creatures
  3 thorn hunters
  The ghost of Iodinin the Tortoise, an adept GnSk of Okawaru (D:14)
  An orc warlord (Orc:2)
  2 ghost moths
  3 entropy weavers
  The ghost of uglyjohn the Basher, a journeyman GrBe of Trog (D:12)
  A deep elf demonologist (Elf:1)
  2 deep elf annihilators (Elf:1)
  Josephine (Orc:2)
  A rakshasa (D:13)
  8 vault guards (D:13)
  An ice dragon (Lair:4)
  2 ghost crabs
  14 hydras
  A centaur warrior (D:15)
  An ogre mage (D:15)
  3 two-headed ogres
  6 dancing weapons
  8 alligators
  A thrashing horror (Abyss:2)
  The ghost of nebgrebaes the Skirmisher, a novice HOFi of Okawaru (D:8)
  11 deep elf knights
  An unseen horror (D:15)
  3 swamp dragons (Swamp:4)
  2 spriggan druids
  6 deep elf archers (Elf:1)
  2 wizards (Elf:2)
  3 shambling mangroves
  A harpy (shapeshifter) (Elf:1)
  33 deep elf magi
  6 orc knights
  Pikel (D:6)
  17 wolf spiders
  2 moths of wrath
  6 orb spiders
  9 orc sorcerers
  3 oklob plants (Lair:6)
  3 manticores
  5 cyclopes
  5 centaur zombies
  9 elephants
  A black mamba (shapeshifter) (D:15)
  3 black mambas
  3 gargoyles
  3 torpor snails
  Joseph (D:7)
  Psyche (D:9)
  18 spiny frogs
  A naga mage (D:15)
  11 demonic crawlers
  A yaktaur (D:15)
  3 rime drakes
  An efreet (D:15)
  7 komodo dragons
  6 trolls
  A tengu conjurer (D:13)
  4 polar bears
  35 jumping spiders
  14 blink frogs
  16 hornets
  7 tyrant leeches
  7 hippogriffs
  6 bog bodies
  8 slime creatures
  68 redbacks
  9 spriggans
  3 shadows
  3 air elementals
  Sigmund (D:4)
  20 tarantellas
  29 yaks
  5 water elementals (Elf:1)
  A human (D:9)
  6 wraiths
  5 wyverns
  3 hogs (D:9)
  2 vampires
  A fire bat (Abyss:2)
  A hungry ghost (D:15)
  A fire elemental (Elf:2)
  10 vampire mosquitoes
  2 basilisks
  5 wargs
  A soldier ant (D:12)
  3 acid dragons
  15 insubstantial wisps
  34 swamp worms
  7 water moccasins
  7 porcupines
  Purgy (Sewer)
  A hexer (Spider:3)
  An ice beast (D:7)
  2 sky beasts
  5 black bears
  7 swamp drakes
  21 orc warriors
  A necrophage (D:11)
  2 boggarts (Lair:6)
  3 phantoms
  15 wolves
  14 ogres
  23 centaurs
  8 crocodiles
  4 big kobolds
  13 bullfrogs
  A gnoll sergeant (D:9)
  A small abomination (Abyss:2)
  3 earth elementals (Elf:1)
  A wyvern skeleton (D:12)
  2 scorpions
  8 killer bees
  11 wights
  3 crimson imps
  5 centaur skeletons
  15 orc wizards
  12 orc priests
  4 hounds
  3 iguanas
  A bullfrog skeleton (D:9)
  Ijyb (D:3)
  3 worker ants
  A hell rat (Lair:6)
  A killer bee zombie (D:7)
  13 adders
  8 gnolls
  A river rat (D:4)
  5 shadow imps
  2 white imps (Lair:4)
  2 adder zombies
  An adder skeleton (D:9)
  8 worms
  A dart slug (D:1)
  58 orcs
  6 giant cockroaches
  9 goblins
  13 hobgoblins
  5 jackals
  18 kobolds
  5 quokkas
  3 ball pythons
  3 bats (D:1)
  11 frilled lizards
  A giant cockroach zombie (D:6)
  A jackal zombie (D:5)
  3 quokka skeletons
  A quokka zombie (D:7)
  13 rats
  2 plants
980 creatures vanquished.

Vanquished Creatures (collateral kills)
  3 hydras
  4 dancing weapons
  A death knight (D:14)
  2 two-headed ogres
  2 deep elf knights
  2 wolf spiders
  A centaur zombie (D:15)
  A spiny frog (Swamp:2)
  2 komodo dragons
  A jumping spider (Spider:1)
  2 trolls
  3 polar bears
  2 hornets
  4 blink frogs
  2 slime creatures (Swamp:3)
  A hippogriff (D:7)
  3 spriggans (Lair:6)
  A wraith (Orc:2)
  9 redbacks
  9 yaks
  A basilisk (Lair:3)
  3 tarantellas
  The ghost of NOFUNALLOWED the Cudgeler, an amateur CeCK of Xom (D:4)
  A hungry ghost (D:12)
  9 swamp worms
  A vampire mosquito (Swamp:4)
  An insubstantial wisp (Swamp:4)
  A warg (Orc:1)
  Edmund (D:6)
  2 swamp drakes (Swamp:4)
  2 porcupines
  6 orc warriors
  2 ice beasts
  2 ogres
  2 phantoms
  A boggart (Lair:6)
  6 centaurs
  4 crocodiles
  2 bullfrogs
  2 scorpions
  4 killer bees
  A wight (D:7)
  The ghost of NOFUNALLOWED the Cudgeler, a weakling CeCK of Xom (D:3)
  A crimson imp (D:7)
  A jelly (D:10)
  3 orc priests
  A hound (D:8)
  An iguana (D:9)
  2 centaur skeletons
  An orc wizard (D:12)
  2 worker ants
  A worker ant zombie (D:8)
  5 adders
  A gnoll (D:9)
  A river rat (D:4)
  2 shadow imps
  A white imp (Lair:4)
  An ooze (D:4)
  7 worms (Spider:1)
  14 orcs
  A hobgoblin (D:3)
  4 jackals
  6 kobolds
  A ball python (Sewer)
  A bat (D:3)
  A quokka zombie (D:5)
170 creatures vanquished.

Vanquished Creatures (others)
  40 hexers
  5 ancestors
  16 fungi
  5 plants
66 creatures vanquished.

Grand Total: 1216 creatures vanquished

Notes
Turn   | Place    | Note
-------+----------+-------------------------------------------
     0 | D:1      | pkoi the Draconian Monk began the quest for the Orb.
     0 | D:1      | Reached XP level 1. HP: 19/19 MP: 1/1
    99 | D:1      | Reached XP level 2. HP: 26/26 MP: 2/2
   338 | D:1      | Reached skill level 4 in Unarmed Combat
   665 | D:1      | Reached XP level 3. HP: 31/31 MP: 3/3
  1145 | D:2      | Found a radiant altar of Vehumet.
  1287 | D:2      | Reached XP level 4. HP: 38/38 MP: 4/4
  1826 | D:3      | Noticed NOFUNALLOWED's ghost (weakling CeCK)
  1830 | D:3      | Reached skill level 5 in Unarmed Combat
  1834 | D:3      | Paralysed by NOFUNALLOWED's ghost for 3 turns
  2088 | D:3      | Reached XP level 5. HP: 28/46 MP: 5/5
  2423 | D:3      | Found a stormy altar of Qazlal.
  2426 | D:3      | Found a basalt altar of Yredelemnul.
  2431 | D:3      | Found a snail-covered altar of Cheibriados.
  2442 | D:3      | Found a deep blue altar of Sif Muna.
  2447 | D:3      | Found a sacrificial altar of Ru.
  2454 | D:3      | Found an ancient bone altar of Kikubaaqudgha.
  2459 | D:3      | Found a hazy altar of Hepliaklqana.
  2463 | D:3      | Became a worshipper of Hepliaklqana the Forgotten
  2463 | D:3      | Reached * piety under Hepliaklqana
  2463 | D:3      | Reached ** piety under Hepliaklqana
  2853 | D:4      | Noticed Ijyb
  2898 | D:3      | HP: 1/41 [Ijyb/enchanted club (2)]
  2900 | D:3      | Gained mutation: You have large cloven feet. [potion of mutation]
  2900 | D:3      | Gained mutation: Your flesh is heat resistant. (rF+) [potion of mutation]
  2900 | D:3      | Gained mutation: You have a pair of small antennae on your head. [potion of mutation]
  2900 | D:3      | Gained mutation: Your natural rate of healing is unusually fast. [potion of mutation]
  2909 | D:3      | Killed Ijyb
  2954 | D:4      | Noticed NOFUNALLOWED's ghost (amateur CeCK)
  3173 | D:4      | Noticed a phantom
  3213 | D:4      | Found a glowing drain.
  3223 | Sewer    | Entered a sewer
  3250 | Sewer    | Reached XP level 6. HP: 37/46 MP: 6/6
  3287 | Sewer    | Reached skill level 6 in Unarmed Combat
  3328 | Sewer    | Noticed Purgy
  3352 | Sewer    | Killed Purgy
  3439 | D:4      | Your scales start taking on an icy white colour.
  3439 | D:4      | Reached XP level 7. HP: 54/54 MP: 7/7
  3439 | D:4      | Gained mutation: Your flesh is cold resistant. (rC+) [White Draconian growth]
  3487 | D:4      | Noticed Sigmund
  3519 | D:5      | Entered Level 5 of the Dungeon
  3626 | D:4      | Found an ornate altar of the Wu Jian Council.
  3642 | D:4      | Reached *** piety under Hepliaklqana
  3820 | D:5      | Got a pair of smoking boots
  3824 | D:5      | Identified the cursed -4 pair of boots of Huwu {Stlth+} (You found it on level 5 of the Dungeon)
  3876 | D:5      | Remembered your ancestor Tepiltzin as a hexer
  3906 | D:5      | Reached skill level 5 in Fighting
  3906 | D:5      | Reached skill level 7 in Unarmed Combat
  4377 | D:5      | Found a staircase to the Ecumenical Temple.
  4386 | Temple   | Entered the Ecumenical Temple
  4581 | D:6      | Noticed Pikel
  4622 | D:6      | Killed Pikel
  4622 | D:6      | Reached skill level 8 in Unarmed Combat
  4622 | D:6      | Reached XP level 8. HP: 63/63 MP: 8/8
  4652 | D:6      | Noticed Edmund
  4667 | D:6      | Killed Edmund
  4667 | D:6      | Reached skill level 5 in Dodging
  4949 | D:4      | Killed NOFUNALLOWED's ghost
  5017 | D:4      | Found a glowing silver altar of Zin.
  5091 | D:4      | Reached skill level 9 in Unarmed Combat
  5182 | D:4      | Reached **** piety under Hepliaklqana
  5207 | D:4      | Killed Sigmund
  5577 | D:7      | Reached XP level 9. HP: 70/70 MP: 9/9
  5634 | D:7      | Found a transporter.
  6127 | D:7      | Reached skill level 10 in Unarmed Combat
  6237 | D:8      | Noticed Joseph
  6337 | D:8      | Noticed a two-headed ogre
  6347 | D:8      | Killed a two-headed ogre
  6497 | D:8      | Noticed nebgrebaes's ghost (novice HOFi)
  6608 | D:8      | Upgraded the game from 0.21-a0-111-g52d2817 to 0.21-a0-128-gf2b353c
  6944 | D:7      | Reached skill level 11 in Unarmed Combat
  6944 | D:7      | Reached XP level 10. HP: 54/79 MP: 10/10
  7022 | D:7      | Killed Joseph
  7022 | D:7      | Reached skill level 1 in Invocations
  7086 | D:8      | Killed nebgrebaes's ghost
  7256 | D:9      | Learned a level 1 spell: Confusing Touch
  7421 | D:9      | Found a basalt altar of Yredelemnul.
  7429 | D:9      | Reached skill level 1 in Spellcasting
  7429 | D:9      | Reached skill level 1 in Hexes
  7948 | D:9      | Noticed Psyche
  7969 | D:9      | Killed Psyche
  8033 | D:9      | Found a shattered altar of Ashenzari.
  8265 | D:9      | Reached skill level 12 in Unarmed Combat
  8335 | D:9      | Reached XP level 11. HP: 54/85 MP: 14/14
  8617 | D:10     | Entered Level 10 of the Dungeon
  8726 | D:10     | Learned a level 3 spell: Ozocubu's Armour
  8843 | D:10     | Reached skill level 1 in Ice Magic
  8959 | D:8      | Reached skill level 1 in Charms
  9829 | D:11     | Noticed a six-headed hydra
  9851 | D:11     | Reached ***** piety under Hepliaklqana
 10051 | D:7      | Identified the Guide on Boosting Darkness
 10068 | D:7      | Found a transporter.
 10077 | D:7      | Got a transparent iron ring
 10101 | D:7      | Identified the ring "Qalun" {rN+ Str+7 Stlth+} (You found it on level 7 of the Dungeon)
 10438 | D:11     | Found Qizesar's Antique Armour Boutique.
 10655 | D:11     | Noticed a two-headed ogre
 10662 | D:11     | Killed a two-headed ogre
 10668 | D:11     | Upgraded the game from 0.21-a0-128-gf2b353c to 0.21-a0-137-g951aa02
 10695 | D:11     | Found a staircase to the Orcish Mines.
 10829 | D:11     | Found a staircase to the Lair.
 10920 | D:11     | Reached skill level 10 in Fighting
 11251 | Orc:1    | Entered Level 1 of the Orcish Mines
 11253 | Orc:1    | Noticed an orc knight
 11372 | Lair:1   | Entered Level 1 of the Lair of Beasts
 11435 | Lair:1   | Noticed an eight-headed hydra
 11444 | Lair:1   | Killed an eight-headed hydra
 11444 | Lair:1   | Reached XP level 12. HP: 61/95 MP: 15/15
 11832 | Lair:1   | Reached skill level 13 in Unarmed Combat
 12416 | D:11     | Killed a six-headed hydra
 13174 | Lair:2   | Found a staircase to the Swamp.
 13318 | Lair:2   | Found a bloodstained altar of Trog.
 13768 | Lair:3   | Found a hole to the Spider Nest.
 14054 | Lair:3   | Reached skill level 5 in Invocations
 14810 | Lair:4   | Noticed an eight-headed hydra
 14826 | Lair:4   | Killed an eight-headed hydra
 14826 | Lair:4   | Reached skill level 10 in Dodging
 14887 | Lair:4   | Reached XP level 13. HP: 105/105 MP: 17/17
 15715 | Lair:4   | Reached ****** piety under Hepliaklqana
 16117 | Lair:5   | Upgraded the game from 0.21-a0-137-g951aa02 to 0.21-a0-140-g479285b
 16470 | Lair:5   | Reached skill level 14 in Unarmed Combat
 16885 | Lair:6   | Entered Level 6 of the Lair of Beasts
 16916 | Lair:6   | Found a staircase to the Slime Pits.
 16916 | Lair:6   | Found a viscous altar of Jiyva.
 16970 | Lair:6   | Reached skill level 5 in Ice Magic
 18297 | Lair:6   | Paralysed by a hornet for 3 turns
 18491 | Lair:6   | Reached XP level 14. HP: 100/114 MP: 18/18
 18989 | D:12     | Noticed uglyjohn's ghost (journeyman GrBe)
 19256 | D:12     | Learned a level 4 spell: Ice Form
 19453 | D:12     | Reached skill level 1 in Transmutations
 19859 | Swamp:1  | Entered Level 1 of the Swamp
 20217 | Swamp:1  | Reached skill level 5 in Transmutations
 21326 | Lair:2   | Learned a level 5 spell: Blade Hands
 21452 | Swamp:2  | Noticed a thorn hunter
 21474 | Swamp:2  | Killed a thorn hunter
 21861 | Swamp:2  | Noticed a thorn hunter
 21879 | Swamp:2  | Killed a thorn hunter
 21975 | Swamp:1  | Upgraded the game from 0.21-a0-140-g479285b to 0.21-a0-142-gdd972a7
 22682 | Swamp:3  | Paralysed by a hornet for 1 turns
 23837 | D:3      | Killed NOFUNALLOWED's ghost
 24567 | D:11     | Reached XP level 15. HP: 59/121 MP: 16/22
 24667 | Orc:1    | Reached skill level 10 in Transmutations
 24682 | D:11     | Reached skill level 5 in Spellcasting
 25102 | Orc:2    | Entered Level 2 of the Orcish Mines
 25103 | Orc:2    | Found a staircase to the Elven Halls.
 25103 | Orc:2    | Noticed Josephine
 25117 | Orc:2    | Killed Josephine
 25516 | Orc:2    | Found Lidady's Magic Scroll Shop.
 25642 | Orc:2    | Found Doisopra's General Store.
 25654 | Orc:2    | Bought a potion of degeneration for 14 gold pieces
 25667 | Orc:2    | Found Fitus's Jewellery Boutique.
 25667 | Orc:2    | Noticed an orc warlord
 25774 | Orc:2    | Killed an orc warlord
 25824 | Orc:2    | Found Gumicoun's Weapon Shop.
 25828 | Orc:2    | Paralysed by an orc sorcerer for 4 turns
 25859 | Orc:2    | Found Amev's Antique Weapon Boutique.
 26020 | Orc:2    | Found Xynen's Armour Boutique.
 26053 | Orc:2    | Found Kynyi's Antique Armour Shop.
 26066 | Orc:2    | Bought an embroidered hat for 161 gold pieces
 26095 | Orc:2    | Found Nihehoh's General Store.
 26260 | Orc:2    | Found Tolucat's Gadget Shop.
 26904 | Orc:2    | Bought an uncursed ring of poison resistance for 300 gold pieces
 27067 | Spider:1 | Entered Level 1 of the Spider Nest
 27135 | Spider:1 | Learned a level 2 spell: Blink
 27175 | Spider:1 | Reached skill level 1 in Translocations
 28413 | Spider:1 | Learned a level 3 spell: Regeneration
 28814 | Spider:2 | Reached skill level 1 in Necromancy
 28838 | Spider:2 | Reached skill level 15 in Unarmed Combat
 29065 | Spider:2 | Killed a ghost moth
 29592 | Lair:3   | Upgraded the game from 0.21-a0-142-gdd972a7 to 0.21-a0-143-g1ab7d47
 30620 | Spider:3 | Reached XP level 16. HP: 103/130 MP: 19/25
 31029 | Spider:2 | Upgraded the game from 0.21-a0-143-g1ab7d47 to 0.21-a0-150-gc243083
 31372 | Spider:3 | Reached skill level 5 in Charms
 31420 | Spider:3 | Learned a level 3 spell: Lesser Beckoning
 31636 | Spider:4 | Entered Level 4 of the Spider Nest
 32166 | Swamp:4  | Entered Level 4 of the Swamp
 32366 | Swamp:3  | Reached skill level 5 in Translocations
 32368 | Swamp:3  | Reached skill level 5 in Necromancy
 33239 | Elf:1    | Entered Level 1 of the Elven Halls
 33419 | Elf:1    | Noticed an Ice Fiend
 33422 | Elf:1    | Cast into level 2 of the Abyss (a deep elf demonologist)
 33472 | Elf:1    | Escaped the Abyss
 34352 | Elf:1    | Found a deep blue altar of Sif Muna.
 34691 | Elf:1    | Reached XP level 17. HP: 40/138 MP: 20/26
 34844 | Elf:1    | Identified Sif Muna's Tome of Arcane Weapons
 35519 | Elf:2    | Identified Sif Muna's Compendium of Axaxaxas mlö
 35539 | Elf:2    | Identified Sif Muna's Papyrus of Plaster Cramp
 35587 | Elf:2    | Identified Ts'ui Pên's Almanac of Forking Paths
 35810 | Elf:2    | Found a deep blue altar of Sif Muna.
 35897 | Elf:2    | Found a runed gate.
 35899 | Elf:2    | Found a runed gate.
 35900 | Elf:2    | Found a runed gate.
 36348 | Elf:2    | Reached skill level 16 in Unarmed Combat
 36552 | D:12     | Killed uglyjohn's ghost
 36990 | D:13     | Reached skill level 15 in Fighting
 37215 | D:13     | You fall through a shaft!
 37490 | D:13     | Found a gate to the Vaults.
 37937 | D:14     | Found a glowing golden altar of the Shining One.
 37967 | D:14     | Found a portal to a secret trove of treasure.
 38110 | D:14     | Found Pogiv's General Store.
 38331 | D:14     | Got a flickering marble ring
 38334 | D:14     | Found a sacrificial altar of Ru.
 38383 | D:14     | Identified the ring "Riph" {+Fly Int-4 Dex+4} (You found it on level 14 of the Dungeon)
 38492 | D:15     | Entered Level 15 of the Dungeon
 38835 | D:14     | Noticed Iodinin's ghost (adept GnSk)
 39104 | D:14     | Killed Iodinin's ghost
 39608 | D:15     | Found a staircase to the Depths.
 40918 | Swamp:4  | Noticed the 27-headed Lernaean hydra
 41404 | Spider:4 | Reached XP level 18. HP: 114/149 MP: 23/27
 41523 | Spider:4 | Slain by an entropy weaver

Vault maps used:
D:1:      ncdulo_smallfort
D:2:      lemuel_round_altar
D:3:      grunt_temple_overflow_octagram
D:4:      old_standard_altar, lemuel_doored_altar, portal_sewer_entry_b,
          uniq_sigmund, uniq_ijyb
D:5:      temple_hall, first_bread, kennysheep_boxes
D:6:      uniq_edmund, uniq_pikel
D:7:      gammafunk_the_bubble
D:8:      uniq_joseph
D:9:      wad_woods_stonehenge, ashenzari_conservatory_becter, grunt_livestock,
          uniq_psyche
D:11:     lair_entry_dummy, orc_0_dummy, serial_shops, shop
D:13:     erik_vaults_2
D:14:     nicolae_ru_sacrificial_ziggurat, enter_trove_0, basic_altar,
          serial_shops, shop
D:15:     hangedman_depths_entry_try_elsewhere_first, corexii_checkpoint_b,
          nicolae_benzene_ring, st_stairs_2
Temple:   minmay_freezing_vapour_temple
Lair:2:   minmay_swamp_entry_worms, lemuel_centaur_altar
Lair:3:   spider_nest_entry_funnel_web, cheibrodos_lair_lostbears
Lair:4:   bobbens_ice_dragon_lair, grunt_megastairs_2, lemuel_fruit_tree
Lair:6:   minmay_lair_end_enchanted_forest, slime_altar_1,
          minmay_lair_oklob_chamber
Swamp:1:  evilmike_swamp_ruin_wall
Swamp:2:  nicolae_swamp_rocky_clearing
Swamp:3:  evilmike_swamp_ruin_rubble_1
Swamp:4:  swamp_old_school, swamp_pool1
Spider:1: worms_lemuel
Spider:4: guppyfry_spider_rune, nicolae_spider_shape
Orc:2:    grunt_orc_gardens, grunt_orc_garden, grunt_orc_garden,
          grunt_orc_garden, grunt_orc_garden, serial_shops, shop, shop,
          shop_statue, shop, shop, nicolae_orc_crystal_geode, uniq_josephine
Elf:1:    eino_elf_arrival_customs, minmay_elf_annihilation, st_stairs_13,
          hangedman_glass_teeth, lemuel_statue_altar
Elf:2:    basic_altar, bh_hangedman_babel_library
Abyss:2:  grunt_abyss_exit_deep_breaths, small_statue_intersection
Sewer:    sewer_co_purgy_island

Skill      XL: |  1  2  3  4  5  6  7  8  9 10 11 12 13 14 15 16 17 |
---------------+----------------------------------------------------+-----
Unarmed Combat | 4 5 6 8 9 11 12 13 14 15 16 | 16.6
Dodging        | 3 4 5 6 7 8 10 11 12 13 | 13.6
Fighting       | 4 5 6 8 10 11 12 13 14 15 | 15.6
Invocations    | 2 5 6 |  6.6
Spellcasting   | 2 4 6 |  6.1
Hexes          | 3 4 |  4.3
Ice Magic      | 3 6 |  6.6
Charms         | 3 4 7 |  7.0
Stealth        | 2 |  2.9
Transmutations | 9 10 11 | 11.6
Translocations | 4 6 |  6.4
Necromancy     | 2 6 |  6.5

Action                   |  1- 3 |  4- 6 |  7- 9 | 10-12 | 13-15 | 16-18 || total
-------------------------+-------+-------+-------+-------+-------+-------++-------
Melee: Unarmed           |   118 |   221 |   302 |   752 |  1585 |   971 ||  3949
       Tailslap          |    17 |    27 |    48 |   124 |   291 |   148 ||   655
       Punch             |     2 |     7 |    12 |    54 |   148 |    88 ||   311
Throw: Javelin           |       |       |       |     4 |     1 |       ||     5
 Cast: Confusing Touch   |       |       |       |     6 |    36 |       ||    42
       Ozocubu's Armour  |       |       |       |     9 |     6 |       ||    15
       Blade Hands       |       |       |       |       |    34 |    59 ||    93
       Ice Form          |       |       |       |       |     7 |     9 ||    16
       Lesser Beckoning  |       |       |       |       |       |     4 ||     4
Invok: Recall Ancestor   |       |       |     2 |     6 |    22 |     9 ||    39
       Ancestor Life: He |       |       |     1 |       |       |       ||     1
 Abil: Breathe Frost     |       |       |     1 |     5 |    12 |       ||    18
       End Transformatio |       |       |       |       |       |     1 ||     1
Evoke: Wand              |       |       |       |       |     2 |       ||     2
  Use: Scroll            |       |     6 |     9 |    12 |     7 |    11 ||    45
       Potion            |       |     3 |       |     5 |     2 |       ||    10
 Stab: Sleeping          |     3 |     2 |     3 |     8 |    12 |     8 ||    36
       Confused          |       |       |    10 |    15 |    38 |     3 ||    66
       Distracted        |       |       |     2 |     9 |    28 |    19 ||    58
       Paralysed         |       |       |       |       |    25 |    23 ||    48
  Eat: Chunk             |     1 |     3 |    11 |    39 |    70 |    62 ||   186
       Meat ration       |       |     1 |       |       |       |       ||     1
       Fruit             |       |       |       |       |     1 |       ||     1
Armor: Skin              |    29 |    98 |    69 |   173 |   276 |   200 ||   845
Dodge: Dodged            |    48 |   156 |   195 |   595 |  1252 |   738 ||  2984
